 Dungeon Crawl Stone Soup version 0.18.1-5-g4a78601 (webtiles) character file.

675436 nikopol the Executioner (level 27, -39/262 (264) HPs)
             Began as a Minotaur Berserker on May 10, 2016.
             Was the Champion of the Shining One.
             Killed from afar by an orb of fire (99 damage)
             ... with a bolt of fire
             ... on level 5 of the Realm of Zot on May 13, 2016.
             The game lasted 06:45:33 (74631 turns).

nikopol the Executioner (Minotaur Berserker)       Turns: 74631, Time: 06:45:34

HP:   -39/262 (264) AC: 39    Str: 34    XL:     27
MP:   32/32         EV: 28    Int: 21    God:    the Shining One [******]
Gold: 5555          SH:  0    Dex: 22    Spells: 0 memorised, 26 levels left

rFire  x . .     SeeInvis +     Z - +11 battleaxe of Omux {speed, MR+ Int+7 Stlth+}
rCold  . . .     Gourm    .     T - +5 plate armour of Peaparah {rN+ Int+6}
rNeg   + + +     Faith    .     (shield currently unavailable)
rPois  +         Spirit   .     X - +2 hat {MR+}
rElec  .         Dismiss  .     L - +1 cloak "Suikeug" {+Fly rPois rF- rN++}
rCorr  .         Reflect  .     R - +2 pair of gloves {Dex+3}
SustAt .         Harm     .     a - +2 pair of boots {run}
MR     ++++.                    p - amulet of Nunluene {Regen+ Str+2}
Stlth  ..........               J - ring of Lady Luck {Wiz Dex+3 Slay+5}
                                O - ring of Reimbursement {Str+5 Int+4 Dex-2 SInv}

@: glowing, quick, incredibly resistant to hostile enchantments, extremely
unstealthy
A: retaliatory headbutt, horns 2
a: Divine Shield, Cleansing Flame, Summon Divine Warrior, Brand Weapon With Holy
Wrath, Renounce Religion, Evoke Flight
}: 4/15 runes: decaying, serpentine, slimy, silver


You were on level 5 of the Realm of Zot.
You worshipped the Shining One.
The Shining One was exalted by your worship.
You were hungry.

You visited 11 branches of the dungeon, and saw 58 of its levels.
You visited 1 bazaar.
You also visited: Labyrinth and Volcano.

You collected 8758 gold pieces.
You spent 3203 gold pieces at shops.

Inventory:

Hand Weapons
 Z - the +11 battleaxe of Omux (weapon) {speed, MR+ Int+7 Stlth+}
   (You found it in a labyrinth)

   Attacks with this weapon are significantly faster.
   It affects your intelligence (+7).
   It affects your resistance to hostile enchantments.
   It makes you more stealthy.
Missiles
 I - 4 javelins of penetration (quivered)
Armour
 a - a +2 pair of boots of running (worn)
 L - the +1 cloak "Suikeug" (worn) {+Fly rPois rF- rN++}
   (You acquired it on level 4 of the Depths)

   It makes you vulnerable to fire.
   It protects you from poison.
   It greatly protects you from negative energy.
   It lets you fly.
 R - a +2 pair of gloves of dexterity (worn)
 T - the +5 plate armour of Peaparah (worn) {rN+ Int+6}
   (You bought it in a shop in a bazaar)

   It affects your intelligence (+6).
   It protects you from negative energy.
 X - a +2 hat of magic resistance (worn)
Jewellery
 p - the amulet of Nunluene (around neck) {Regen+ Str+2}
   (You found it on level 4 of the Lair of Beasts)

   [amulet of regeneration]

   It affects your strength (+2).
   It increases your rate of regeneration.
 B - an uncursed ring of resist corrosion
 E - an uncursed ring of protection from magic
 J - the ring of Lady Luck (right hand) {Wiz Dex+3 Slay+5}
   (You found it on level 3 of the Elven Halls)

   [ring of wizardry]

   It improves your spell success rate.
   It affects your dexterity (+3).
   It affects your accuracy and damage with ranged weapons and melee attacks
   (+5).
 O - the ring of Reimbursement (left hand) {Str+5 Int+4 Dex-2 SInv}
   (You found it on level 4 of the Snake Pit)

   [ring of see invisible]

   It affects your strength (+5).
   It affects your intelligence (+4).
   It affects your dexterity (-2).
   It lets you see invisible.
 V - an uncursed ring of sustain attributes
Wands
 q - a wand of lightning (5/15)
 u - a wand of digging (6/24)
 F - a wand of hasting (4/9)
 H - a wand of heal wounds (9/9)
 K - a wand of disintegration (9/24)
 M - a wand of teleportation (9/9)
Scrolls
 b - 15 scrolls of teleportation
 h - 20 scrolls of remove curse
 j - 13 scrolls of fog
 k - 2 scrolls of holy word
 m - 6 scrolls of magic mapping
 n - 9 scrolls of fear
 r - 4 scrolls of blinking
 s - 20 scrolls of identify
 v - 3 scrolls of summoning
 C - 12 scrolls of recharging
 D - 4 scrolls of silence
 Q - a scroll of amnesia
Potions
 d - 30 potions of curing
 e - 9 potions of might
 g - 2 potions of cancellation
 i - 4 potions of brilliance
 t - 4 potions of cure mutation
 w - 10 potions of heal wounds
 z - 7 potions of invisibility
 A - 6 potions of flight
 P - 9 potions of resistance
 S - 12 potions of haste
 U - a potion of magic
 W - 9 potions of agility
 Y - 6 potions of berserk rage
Comestibles
 c - 41 bread rations
 f - 34 meat rations
 l - a beef jerky
 o - 2 chunks of flesh
 x - 98 fruits
 N - 10 royal jellies


   Skills:
 + Level 24.4 Fighting
 + Level 25.9(27) Axes
   Level 15.5(22.3) Polearms
 + Level 18.5 Throwing
 + Level 24.2 Armour
 + Level 22.4 Dodging
 * Level 13.9 Invocations


You had 26 spell levels left.
You didn't know any spells.

Dungeon Overview and Level Annotations

Branches:
Dungeon (15/15)            Temple (1/1) D:6            Lair (8/8) D:9
  Swamp (4/4) Lair:5        Snake (4/4) Lair:4        Slime (6/6) Lair:8
    Orc (2/2) D:11            Elf (3/3) Orc:2        Vaults (5/5) D:13
  Crypt (0/3) Vaults:2     Depths (5/5) D:15            Zot (5/5) Depths:5

Altars:
Ashenzari
Cheibriados
Dithmenos
Elyvilon
Fedhas
Gozag
Kikubaaqudgha
Makhleb
Nemelex Xobeh
Okawaru
Pakellas
Qazlal
Ru
Sif Muna
Trog
Vehumet
Xom
Yredelemnul
Zin
The Shining One
Beogh
Jiyva

Shops:
Orc:2 !}**   Elf:2 ![   Elf:3 }*   Snake:4 %   Depths:5 [

Portals:
Hell: Depths:1 Depths:2 Depths:3 Depths:4 Depths:5
Abyss: Depths:4 Depths:5
Pandemonium: Depths:2 Depths:3 Depths:5
Ziggurat: Depths:2
Trove: D:10 (give 3 potions of cure mutation)

Annotations:
Lair:3 exclusion: oklob plant


Innate Abilities, Weirdness & Mutations

You reflexively headbutt those who attack you in melee.
You have a pair of horns on your head.


Message History

You destroy the electric golem!
The Killer Klown wrestles you.
You closely miss the Killer Klown.
You headbutt the Killer Klown, but do no damage.
The Killer Klown is almost dead.
The Killer Klown blinks!
Throwing (i - inventory. (,) - cycle):
G - a tomahawk (quivered)
Press: ? - help, Shift-Dir - straight line, f - Killer Klown
Aim: a Killer Klown (almost dead, haloed)
You throw a tomahawk. The tomahawk hits the Killer Klown!!!
You kill the Killer Klown!
You hear a distant blaring wail to the west.
The orb of fire glows red.
The fireball explodes!
The fireball engulfs you! The fire burns you terribly!
* * * LOW HITPOINT WARNING * * *
A golden dragon comes into view.
You found a permanent teleport trap!
The orb of fire glows red.
The bolt of fire hits you! The fire burns you terribly!
You die...

.....## #....................
.....# #....................
.....## #......^.............
......# #^........^.......^.)
......## #.....^..............
.......###!...................
#####...###...^..............#
##....##.........^^.....##
###..^^..(^@....†.....##
#▓▓▓▓▓▓▓▓▓▓▓##*....▓▓ .......▓
......%..▓ ..D.......▓
............ ....... .......


You could see an orb of fire.

Vanquished Creatures
  the Royal Jelly (Slime:6)
  Dissolution (Slime:4)
  2 orbs of fire
  An ancient lich (Zot:5)
  Mennas (Vaults:3)
  A juggernaut (Depths:3)
  the Lernaean hydra (Swamp:4)
  Saint Roka (Vaults:4)
  Norris (Elf:3)
  5 Killer Klowns
  2 curse toes
  15 golden dragons
  A bone dragon (Depths:5)
  An iron giant (Depths:3)
  Nikola (Vaults:3)
  5 liches
  Xtahua (Depths:3)
  A hellephant (Zot:1)
  Jorgrun (Snake:2)
  Rupert (Orc:2)
  3 electric golems
  11 tentacled monstrosities
  2 deep elf blademasters
  10 Orb Guardians (Zot:5)
  5 titans (Vaults:5)
  2 deep elf master archers (Elf:3)
  4 quicksilver dragons
  19 acid blobs
  5 death cobs
  Agnes (Snake:2)
  4 sphinxes
  7 shadow dragons
  11 tengu reavers
  5 thorn hunters
  11 storm dragons
  19 azure jellies
  4 draconian monks
  6 greater nagas
  An orc warlord (Orc:2)
  14 vault wardens
  Maud (D:11)
  5 draconian knights
  2 deep elf sorcerers (Elf:3)
  5 draconian scorchers
  8 fire giants
  5 iron dragons
  A ghost moth (Zot:2)
  12 frost giants
  3 draconian zealots
  2 deep elf elementalists (Elf:3)
  Aizul (Swamp:2)
  16 very ugly things
  29 stone giants
  A ghoul (Vaults:3)
  22 ironheart preservers
  2 draconian shifters
  3 war gargoyles (Vaults:5)
  4 draconian annihilators
  11 green draconians
  A lorocyproca (Depths:3)
  5 deep elf demonologists
  7 vampire knights
  A draconian caller (Zot:1)
  A salamander stormcaller (Vaults:5)
  16 deep elf annihilators
  7 mottled draconians
  7 purple draconians
  11 red draconians
  9 black draconians
  7 white draconians
  7 yellow draconians
  5 dire elephants
  5 spark wasps
  Snorg (D:11)
  13 deep elf death magi
  Josephine (D:14)
  16 ettins
  A merfolk impaler (Depths:1)
  48 vault guards
  21 fire dragons
  A minotaur (Lab)
  22 ogre magi
  9 deep elf high priests
  6 death oozes (Slime:6)
  16 yaktaur captains
  13 great orbs of eyes
  A minotaur (shapeshifter) (Elf:2)
  132 slime creatures
  Erolcha (D:12)
  5 entropy weavers
  18 ice dragons
  Harold (D:11)
  18 naga warriors
  3 catoblepae
  A rakshasa (Depths:3)
  An anaconda (shapeshifter) (Vaults:5)
  6 anacondas
  6 spriggan air magi
  29 hydras
  3 death knights
  A ghost crab (Swamp:3)
  11 centaur warriors
  19 dancing weapons
  6 alligators
  21 deep troll shamans
  4 tengu warriors
  9 deep troll earth magi
  15 naga sharpshooters
  3 vampire magi
  12 death yaks
  An orc high priest (Orc:1)
  9 spriggan berserkers
  6 shock serpents
  Nergalle (Lair:2)
  7 skeletal warriors
  A fire crab (Vaults:2)
  7 hell knights
  Sonja (D:13)
  18 deep elf knights
  2 salamander mystics (Snake:4)
  A gelid demonspawn (Depths:2)
  2 shadow wraiths
  A small abomination (Elf:3)
  11 iron trolls
  4 unseen horrors
  38 deep trolls
  3 spriggan druids
  19 hill giants
  A torturous demonspawn (Depths:3)
  3 shambling mangroves
  13 naga ritualists
  A flayed ghost (Depths:3)
  An obsidian statue (Vaults:1)
  A hill giant (shapeshifter) (Depths:3)
  2 wizards
  17 deep elf archers
  5 giant orange brains
  An anubis guard (shapeshifter) (Depths:1)
  5 necromancers
  13 swamp dragons
  5 phantasmal warriors
  A wolf spider zombie (D:14)
  18 ironbrand convokers
  A lindwurm (Lair:4)
  43 deep elf magi
  15 mana vipers
  A harpy (shapeshifter) (Vaults:2)
  34 ugly things
  5 wolf spiders
  An orb spider (shapeshifter) (Vaults:3)
  A mana viper (shapeshifter) (Vaults:5)
  A tengu skeleton (Vaults:5)
  4 griffons
  A shadow dragon skeleton (Vaults:4)
  3 hornets
  A stone giant zombie (Vaults:4)
  5 orc knights
  A wolf spider (shapeshifter) (Elf:2)
  A hornet (shapeshifter) (Vaults:4)
  2 orc sorcerers
  An oklob plant (Lair:3)
  18 salamanders
  4 cyclopes
  A sixfirhy (Depths:3)
  5 shining eyes
  53 black mambas
  8 elephants
  6 guardian serpents
  A rust devil (Depths:3)
  19 moths of wrath
  An elephant (shapeshifter) (Vaults:4)
  An octopode (shapeshifter) (Vaults:1)
  A water nymph (shapeshifter) (Depths:2)
  3 centaur zombies
  3 orange demons
  34 naga magi
  Maurice (Orc:1)
  A torpor snail (Lair:6)
  2 eyes of devastation
  13 vault sentinels
  2 gargoyles
  5 rime drakes
  An ice statue (D:15)
  2 kobold demonologists (Vaults:1)
  23 spiny frogs
  2 yaktaurs (shapeshifter)
  4 freezing wraiths
  7 komodo dragons
  A tormentor (Depths:2)
  6 tengu conjurers
  30 yaktaurs
  An ice devil (D:15)
  A queen bee (Lair:7)
  2 jumping spiders (Depths:2)
  14 trolls
  10 polar bears
  A red devil (Depths:3)
  A giant leech (shapeshifter) (Vaults:5)
  A wind drake (shapeshifter) (Vaults:3)
  A merfolk (D:9)
  53 two-headed ogres
  4 boulder beetles
  6 giant leeches
  19 bog bodies
  A snapping turtle (shapeshifter) (Elf:1)
  8 blink frogs
  A minotaur skeleton (Lab)
  A slime creature (shapeshifter) (Vaults:3)
  A frost giant simulacrum (Vaults:2)
  13 air elementals
  Sigmund (D:6)
  2 tarantellas
  5 shadows
  13 water elementals
  14 redbacks
  17 spriggans
  6 wyverns
  8 wraiths
  54 yaks
  A vampire (D:11)
  5 fire bats
  A human (shapeshifter) (Depths:4)
  6 humans (Zot:1)
  2 fire elementals
  A golden eye (shapeshifter) (Vaults:2)
  2 basilisks
  An elf skeleton (Vaults:5)
  4 hungry ghosts
  10 hippogriffs
  4 steam dragons (Volcano)
  A chaos spawn (Depths:2)
  11 golden eyes (Slime:1)
  A hippogriff (shapeshifter) (Depths:3)
  A steam dragon (shapeshifter) (Depths:2)
  35 vampire mosquitoes
  6 wargs
  44 nagas
  3 mottled dragons
  A yaktaur simulacrum (Vaults:1)
  Edmund (D:4)
  17 swamp worms
  19 insubstantial wisps
  18 water moccasins
  4 giant eyeballs
  13 porcupines
  5 black bears
  42 orc warriors
  14 swamp drakes
  A sky beast (D:14)
  2 ettin simulacra
  8 eyes of draining
  95 ogres
  27 wasps
  3 phantoms
  13 wolves
  16 ice beasts
  6 necrophages (Lair:3)
  A boggart (Depths:4)
  3 human skeletons
  21 centaurs
  25 crocodiles
  5 big kobolds
  A giant frog (shapeshifter) (Vaults:5)
  16 giant frogs
  3 gnoll sergeants
  3 earth elementals
  A wyvern zombie (D:12)
  A human simulacrum (Vaults:1)
  9 scorpions
  55 killer bees
  18 wights
  3 electric eels
  2 howler monkeys
  3 giant frog zombies
  4 lava snakes (Lab)
  9 crimson imps
  8 hounds
  3 quasits
  An iron imp (Depths:3)
  11 orc priests
  Crazy Yiuf (D:2)
  4 centaur skeletons
  23 jellies
  24 orc wizards
  3 giant frog skeletons
  16 iguanas
  11 worker ants
  21 sheep
  2 howler monkey zombies
  18 gnolls
  18 adders
  20 river rats
  5 shadow imps
  3 white imps
  4 ufetubi
  3 oozes
  An adder skeleton (D:7)
  5 worms
  3 dart slugs
  6 giant geckos
  112 orcs
  6 ball pythons
  17 bats
  5 giant cockroaches
  11 hobgoblins
  5 jackals
  11 quokkas
  7 giant newts
  9 goblins
  A jackal skeleton (D:4)
  34 kobolds
  23 rats
  7 briar patches (Swamp:2)
  3 crawling corpses (Elf:3)
  9 fungi
  9 plants
2871 creatures vanquished.

Vanquished Creatures (collateral kills)
  A catoblepas (Lair:8)
  A deep troll shaman (Lair:8)
  A death yak (Lair:8)
  A giant frog (Lair:4)
  A wyvern skeleton (D:10)
5 creatures vanquished.

Vanquished Creatures (others)
  A tengu reaver (Vaults:3)
  A fire giant (Depths:2)
  A very ugly thing (Vaults:5)
  A fire elemental (Elf:3)
  An orc (D:12)
  2 briar patches
  A bush (Lair:4)
  20 fungi
  32 plants
60 creatures vanquished.

Grand Total: 2936 creatures vanquished

Notes
Turn   | Place    | Note
--------------------------------------------------------------
     0 | D:1      | nikopol the Minotaur Berserker began the quest for the Orb.
     0 | D:1      | Reached XP level 1. HP: 19/19 MP: 0/0
   210 | D:1      | Reached XP level 2. HP: 23/27 MP: 1/1
   602 | D:2      | Reached XP level 3. HP: 31/33 MP: 2/2
   668 | D:2      | Reached ** piety under Trog
   706 | D:2      | Found a shimmering altar of Xom.
   718 | D:2      | Found a burning altar of Makhleb.
   983 | D:2      | Noticed Crazy Yiuf
   987 | D:2      | Killed Crazy Yiuf
   987 | D:2      | Reached XP level 4. HP: 41/41 MP: 3/3
  1629 | D:3      | Reached XP level 5. HP: 47/47 MP: 4/4
  1642 | D:3      | Reached skill level 5 in Fighting
  1720 | D:3      | Reached *** piety under Trog
  1731 | D:3      | Found an opulent altar of Gozag.
  1768 | D:3      | Found an iron altar of Okawaru.
  1785 | D:3      | Noticed a centaur
  1800 | D:3      | HP: 2/72 [centaur (6)]
  1801 | D:3      | Killed a centaur
  1801 | D:3      | Reached XP level 6. HP: 2/56 MP: 5/5
  2103 | D:3      | Found a sacrificial altar of Ru.
  2147 | D:3      | Reached skill level 5 in Polearms
  2243 | D:3      | Found a glowing silver altar of Zin.
  2337 | D:3      | Found a snail-covered altar of Cheibriados.
  2524 | D:3      | Found a basalt altar of Yredelemnul.
  2638 | D:4      | Reached **** piety under Trog
  3251 | D:4      | Reached XP level 7. HP: 60/62 MP: 6/6
  3300 | D:4      | Noticed Edmund
  3308 | D:4      | Killed Edmund
  3308 | D:4      | Reached skill level 1 in Throwing
  3361 | D:4      | Reached skill level 5 in Armour
  3529 | D:4      | Reached skill level 5 in Dodging
  4002 | D:4      | Found a white marble altar of Elyvilon.
  4168 | D:4      | Reached XP level 8. HP: 52/71 MP: 7/7
  4622 | D:5      | Entered Level 5 of the Dungeon
  5101 | D:5      | Received a gift from Trog
  5339 | D:5      | Found an ancient bone altar of Kikubaaqudgha.
  5465 | D:5      | Found a radiant altar of Vehumet.
  6580 | D:6      | Reached XP level 9. HP: 79/79 MP: 8/8
  6677 | D:6      | Noticed Sigmund
  6684 | D:6      | Killed Sigmund
  6949 | D:6      | Received a gift from Trog
  7090 | D:6      | Found a staircase to the Ecumenical Temple.
  7892 | D:7      | Reached skill level 10 in Polearms
  8270 | D:7      | Reached XP level 10. HP: 90/90 MP: 9/9
  8818 | D:8      | Reached skill level 5 in Throwing
  8983 | D:8      | Reached ***** piety under Trog
  8990 | D:8      | Noticed a red ugly thing
  9008 | D:8      | Killed a red ugly thing
  9592 | D:9      | Received a gift from Trog
  9595 | D:9      | Got a dazzling great sword {god gift}
 10351 | D:9      | Found a staircase to the Lair.
 10528 | D:9      | Found a sparkling altar of Nemelex Xobeh.
 10573 | D:10     | Entered Level 10 of the Dungeon
 10614 | D:10     | Found a portal to a secret trove of treasure.
 10651 | D:10     | Reached XP level 11. HP: 91/99 MP: 10/10
 10818 | D:10     | Noticed a centaur warrior
 10818 | D:10     | Got a pair of pitted gloves
 10835 | D:10     | Killed a centaur warrior
 11674 | Lair:1   | Entered Level 1 of the Lair of Beasts
 11680 | Lair:1   | Reached skill level 10 in Fighting
 11798 | Lair:1   | Noticed a five-headed hydra
 11806 | Lair:1   | Killed a five-headed hydra
 11809 | Lair:1   | Noticed an eight-headed hydra
 11817 | Lair:1   | Killed an eight-headed hydra
 12136 | Lair:1   | Reached skill level 10 in Armour
 12604 | Lair:1   | Received a gift from Trog
 13011 | Lair:1   | Reached XP level 12. HP: 108/108 MP: 11/11
 13465 | Lair:2   | Received a gift from Trog
 13470 | Lair:2   | Identified the +2 great sword "Nameirek" {venom, Dex+4} (Trog gifted it to you on level 9 of the Dungeon)
 13481 | Lair:2   | Identified the cursed +0 pair of gloves of Exclusion {Dex+5 Stlth-} (You found it on level 10 of the Dungeon)
 13494 | Lair:2   | Identified a +1 rod of clouds (12/12) (You found it on level 7 of the Dungeon)
 13694 | Lair:2   | Noticed Nergalle
 13713 | Lair:2   | Killed Nergalle
 14458 | Lair:3   | Reached skill level 10 in Dodging
 15132 | Lair:4   | Found a dark tunnel.
 15153 | Volcano  | Entered a volcano
 15159 | Volcano  | Received a gift from Trog
 15569 | Volcano  | Noticed a fire dragon
 15579 | Volcano  | Killed a fire dragon
 15580 | Volcano  | Reached XP level 13. HP: 117/117 MP: 12/12
 15692 | Volcano  | Identified a scroll of acquirement
 15695 | Volcano  | Got an ichor-stained buckler
 15710 | Lair:4   | Identified the +0 buckler of the Duke {Str+3} (You acquired it in a volcano)
 15800 | Lair:4   | Reached skill level 15 in Polearms
 16024 | Lair:4   | Reached ****** piety under Trog
 16091 | Lair:4   | Got a coiled ruby amulet
 16176 | Lair:4   | Found a staircase to the Snake Pit.
 16692 | Lair:5   | Received a gift from Trog
 16752 | Lair:5   | Found a labyrinth entrance.
 16753 | Lair:5   | Found a staircase to the Swamp.
 16761 | Lab      | Entered a labyrinth
 17049 | Lab      | Identified the amulet of Nunluene {Regen+ Str+2} (You found it on level 4 of the Lair of Beasts)
 17108 | Lab      | Received a gift from Trog
 17249 | Lab      | Noticed a minotaur
 17255 | Lab      | Killed a minotaur
 17316 | Lab      | Got a fine battleaxe
 17379 | Lab      | Identified the +11 battleaxe of Omux {speed, MR+ Int+7 Stlth+} (You found it in a labyrinth)
 18085 | Lair:6   | Reached skill level 1 in Axes
 18091 | Lair:6   | Reached skill level 2 in Axes
 18243 | Lair:6   | Reached skill level 3 in Axes
 18265 | Lair:6   | Received a gift from Trog
 18407 | Lair:6   | Reached skill level 4 in Axes
 18972 | Lair:7   | Reached skill level 5 in Axes
 19255 | Lair:7   | Received a gift from Trog
 19307 | Lair:7   | Reached skill level 6 in Axes
 20272 | Lair:8   | Entered Level 8 of the Lair of Beasts
 20276 | Lair:8   | Reached XP level 14. HP: 127/127 MP: 13/13
 20308 | Lair:8   | Reached skill level 7 in Axes
 20513 | Lair:8   | Received a gift from Trog
 20886 | Lair:8   | Reached skill level 8 in Axes
 21050 | Lair:7   | Received a gift from Trog
 21310 | Lair:8   | Found a viscous altar of Jiyva.
 21311 | Lair:8   | Found a staircase to the Slime Pits.
 21367 | Lair:8   | Reached skill level 9 in Axes
 22206 | D:11     | Noticed Snorg
 22216 | D:11     | Killed Snorg
 22312 | D:11     | Reached skill level 10 in Axes
 22328 | D:11     | Noticed Maud
 22339 | D:11     | Killed Maud
 22546 | D:11     | Noticed Harold
 22556 | D:11     | Killed Harold
 22839 | D:11     | Received a gift from Trog
 22909 | D:11     | Found a staircase to the Orcish Mines.
 22958 | Orc:1    | Entered Level 1 of the Orcish Mines
 23088 | Orc:1    | Received a gift from Trog
 23174 | Orc:1    | Found a roughly hewn altar of Beogh.
 23301 | Orc:1    | Noticed Maurice
 23314 | Orc:1    | Killed Maurice
 23671 | Orc:2    | Entered Level 2 of the Orcish Mines
 23674 | Orc:2    | Noticed Rupert
 23692 | Orc:2    | Killed Rupert
 23692 | Orc:2    | Reached XP level 15. HP: 135/138 MP: 14/14
 23793 | Orc:2    | Noticed an orc warlord
 23818 | Orc:2    | Received a gift from Trog
 23818 | Orc:2    | Reached skill level 11 in Axes
 23820 | Orc:2    | Killed an orc warlord
 23952 | Orc:2    | Received a gift from Trog
 24057 | Orc:2    | Found Quoffien's General Store.
 24057 | Orc:2    | Found Regak's General Store.
 24061 | Orc:2    | Found Zekkaon's Distillery.
 24061 | Orc:2    | Found Waciec's Gadget Shoppe.
 24093 | Orc:2    | Found a staircase to the Elven Halls.
 24156 | Orc:2    | Found a roughly hewn altar of Beogh.
 24287 | Orc:2    | Bought a scroll of identify for 22 gold pieces
 24287 | Orc:2    | Bought a scroll of identify for 22 gold pieces
 24294 | Orc:2    | Bought a scroll of identify for 28 gold pieces
 24294 | Orc:2    | Bought a scroll of identify for 28 gold pieces
 24322 | Orc:2    | Received a gift from Trog
 24793 | D:12     | Found a burning altar of Makhleb.
 24866 | D:12     | Noticed Erolcha
 24870 | D:12     | Killed Erolcha
 24870 | D:12     | Reached skill level 12 in Axes
 25381 | D:13     | Found a gate to the Vaults.
 25387 | D:13     | Received a gift from Trog
 25395 | D:13     | Reached skill level 15 in Fighting
 25750 | D:13     | Noticed Sonja
 25757 | D:13     | Killed Sonja
 26146 | D:14     | Reached skill level 13 in Axes
 26671 | D:14     | Reached XP level 16. HP: 149/149 MP: 15/15
 26759 | D:14     | Noticed Josephine
 26770 | D:14     | Killed Josephine
 26910 | D:15     | Entered Level 15 of the Dungeon
 26999 | D:15     | Found an opulent altar of Gozag.
 27201 | D:15     | Found a blossoming altar of Fedhas.
 27229 | D:15     | Received a gift from Trog
 27365 | D:15     | Found a staircase to the Depths.
 27488 | D:15     | Got a faintly glowing chain mail
 27505 | D:15     | Identified the +1 chain mail of the Illusory Eyes {+Blink +Fly rC+ Slay-6} (You found it on level 15 of the Dungeon)
 27541 | D:15     | Reached skill level 14 in Axes
 27758 | D:15     | Reached skill level 15 in Armour
 28055 | Swamp:1  | Entered Level 1 of the Swamp
 29072 | Swamp:2  | Noticed a thorn hunter
 29075 | Swamp:2  | Noticed a thorn hunter
 29093 | Swamp:2  | Killed a thorn hunter
 29097 | Swamp:2  | Killed a thorn hunter
 29638 | Swamp:2  | Noticed a thorn hunter
 29651 | Swamp:2  | Killed a thorn hunter
 29761 | Swamp:2  | Received a gift from Trog
 29800 | Swamp:2  | Noticed Aizul
 29817 | Swamp:2  | Killed Aizul
 29817 | Swamp:2  | Reached skill level 15 in Axes
 30456 | Swamp:3  | Noticed a thorn hunter
 30469 | Swamp:3  | Killed a thorn hunter
 30724 | Swamp:3  | Got a steaming ring mail
 30735 | Swamp:3  | Identified the +2 ring mail "Trusted Companion" {Dex+3} (You found it on level 3 of the Swamp)
 31368 | Swamp:4  | Entered Level 4 of the Swamp
 31381 | Swamp:3  | Reached XP level 17. HP: 158/158 MP: 16/16
 31680 | Swamp:3  | Received a gift from Trog
 31798 | Swamp:4  | Reached skill level 16 in Axes
 32036 | Swamp:4  | Reached skill level 15 in Dodging
 32128 | Swamp:4  | Noticed the 27-headed Lernaean hydra
 32134 | Swamp:4  | Killed the 27-headed Lernaean hydra
 32142 | Swamp:4  | Got a decaying rune of Zot
 32766 | Swamp:4  | Received a gift from Trog
 32996 | Snake:1  | Entered Level 1 of the Snake Pit
 33281 | Snake:1  | Received a gift from Trog
 33399 | Snake:1  | Reached skill level 17 in Axes
 33694 | Snake:1  | Received a gift from Trog
 33802 | Snake:2  | Noticed Jorgrun
 33813 | Snake:2  | Killed Jorgrun
 33814 | Snake:2  | Noticed Agnes
 33830 | Snake:2  | Killed Agnes
 34163 | Snake:2  | Reached XP level 18. HP: 169/169 MP: 17/17
 34484 | Snake:2  | You fall through a shaft!
 34597 | Snake:3  | Received a gift from Trog
 35460 | Snake:4  | Entered Level 4 of the Snake Pit
 35950 | Snake:4  | Got a crystal trident
 35951 | Snake:4  | Identified the +6 trident of the Toadstool {flame, +Blink rC- Str+4} (You found it on level 4 of the Snake Pit)
 36001 | Snake:4  | Reached skill level 18 in Axes
 36019 | Snake:4  | Received a gift from Trog
 36127 | Snake:4  | Got an ancient pewter ring
 36129 | Snake:4  | Identified the ring of Reimbursement {Str+5 Int+4 Dex-2 SInv} (You found it on level 4 of the Snake Pit)
 36483 | Temple   | Entered the Ecumenical Temple
 37334 | Snake:4  | Received a gift from Trog
 37913 | Snake:4  | Reached skill level 10 in Throwing
 38167 | Snake:4  | Found Buxo's Food Boutique.
 38323 | Snake:4  | Received a gift from Trog
 38794 | Snake:4  | Reached XP level 19. HP: 179/179 MP: 18/18
 39001 | Snake:4  | Got a serpentine rune of Zot
 39513 | Elf:1    | Entered Level 1 of the Elven Halls
 39586 | Elf:1    | Reached skill level 19 in Axes
 39608 | Elf:1    | Received a gift from Trog
 40537 | Elf:1    | You fall through a shaft!
 40560 | Elf:2    | Received a gift from Trog
 40802 | Elf:2    | Found a runed gate.
 40806 | Elf:2    | Found a runed gate.
 40806 | Elf:2    | Found a runed gate.
 40983 | Elf:2    | Found Viomaev's Armour Boutique.
 41152 | Elf:2    | Found Cethrauz's Distillery.
 41160 | Elf:2    | Bought a potion of haste for 190 gold pieces
 41160 | Elf:2    | Bought a potion of haste for 190 gold pieces
 41160 | Elf:2    | Bought a potion of heal wounds for 95 gold pieces
 41160 | Elf:2    | Bought 2 potions of curing for 114 gold pieces
 41160 | Elf:2    | Bought 2 potions of curing for 114 gold pieces
 41160 | Elf:2    | Bought a potion of haste for 190 gold pieces
 41160 | Elf:2    | Bought a potion of curing for 57 gold pieces
 41431 | Elf:3    | Entered Level 3 of the Elven Halls
 41436 | Elf:3    | Found Beneh's General Store.
 41449 | Elf:3    | Bought a potion of curing for 45 gold pieces
 41840 | Elf:3    | Received a gift from Trog
 41885 | Elf:3    | Reached skill level 20 in Axes
 42105 | Elf:3    | Reached XP level 20. HP: 104/189 MP: 19/19
 42725 | Elf:3    | Found Zook's Quality Used Wands.
 43090 | Elf:3    | Noticed Norris
 43103 | Elf:3    | Killed Norris
 43145 | Elf:3    | Got a twitching jade ring
 43147 | Elf:3    | Identified the ring of Lady Luck {Wiz Dex+3 Slay+5} (You found it on level 3 of the Elven Halls)
 43846 | D:11     | Received a gift from Trog
 43891 | Vaults:1 | Entered Level 1 of the Vaults
 44679 | Vaults:1 | Reached skill level 21 in Axes
 44680 | Vaults:1 | Received a gift from Trog
 45069 | Vaults:1 | Found a gateway to a bazaar.
 45077 | Bazaar   | Entered a bazaar
 45083 | Bazaar   | Found Yggouxig's Food Shop.
 45109 | Bazaar   | Found Medum's Book Shop.
 45135 | Bazaar   | Found Agudduyrru's Food Boutique.
 45135 | Bazaar   | Found Xonaics Zaax's Armour Shop.
 45140 | Bazaar   | Bought the +5 plate armour of Peaparah {rN+ Int+6} for 933 gold pieces
 45159 | Bazaar   | Bought a bread ration for 50 gold pieces
 45159 | Bazaar   | Bought a bread ration for 50 gold pieces
 45159 | Bazaar   | Bought a bread ration for 50 gold pieces
 45159 | Bazaar   | Bought a bread ration for 50 gold pieces
 45159 | Bazaar   | Bought 3 fruits for 45 gold pieces
 45159 | Bazaar   | Bought a meat ration for 50 gold pieces
 45188 | Bazaar   | Bought a meat ration for 55 gold pieces
 45188 | Bazaar   | Bought a bread ration for 55 gold pieces
 45188 | Bazaar   | Bought a meat ration for 55 gold pieces
 45188 | Bazaar   | Bought a bread ration for 55 gold pieces
 45188 | Bazaar   | Bought a meat ration for 55 gold pieces
 45188 | Bazaar   | Bought a bread ration for 55 gold pieces
 45504 | Vaults:2 | Received a gift from Trog
 45556 | Vaults:2 | Found a staircase to the Crypt.
 46035 | Vaults:2 | Reached XP level 21. HP: 198/198 MP: 20/20
 46465 | Vaults:3 | Noticed Mennas
 46491 | Vaults:3 | Killed Mennas
 46536 | Vaults:3 | Received a gift from Trog
 46749 | Vaults:3 | Gained mutation: You are resistant to electric shocks. [potion of beneficial mutation]
 46918 | Vaults:3 | Received a gift from Trog
 47277 | Vaults:3 | Received a gift from Trog
 47277 | Vaults:3 | Reached skill level 22 in Axes
 47331 | Vaults:3 | Noticed Nikola
 47347 | Vaults:3 | Killed Nikola
 47353 | Vaults:3 | Received a gift from Trog
 47785 | Vaults:3 | Got a bloodstained cloak
 47796 | Vaults:3 | Identified the +1 cloak "Hofu" {Int+4} (You acquired it on level 3 of the Vaults)
 47863 | Vaults:3 | Got a brightly glowing cloak
 47874 | Vaults:3 | Identified the +1 cloak "Seagrong" {rElec MP-9 Str+7 Dex+3} (You acquired it on level 3 of the Vaults)
 47897 | Vaults:3 | Identified a +0 pair of boots of running (You acquired it on level 3 of the Vaults)
 48188 | Vaults:4 | Noticed Saint Roka
 48217 | Vaults:4 | Killed Saint Roka
 48629 | Vaults:4 | Received a gift from Trog
 48878 | Vaults:4 | Reached XP level 22. HP: 209/209 MP: 21/21
 49246 | Vaults:4 | Found a radiant altar of Vehumet.
 49472 | Vaults:5 | Entered Level 5 of the Vaults
 49640 | Vaults:4 | Received a gift from Trog
 49930 | Vaults:5 | Received a gift from Trog
 50068 | Vaults:5 | Received a gift from Trog
 50288 | Vaults:5 | Received a gift from Trog
 50327 | Vaults:5 | Reached skill level 23 in Axes
 50387 | Vaults:5 | HP: 2/211 [ice dragon (glowing shapeshifter)/blast of cold (46)]
 50969 | Vaults:5 | Reached XP level 23. HP: 218/218 MP: 22/22
 51042 | Vaults:5 | Received a gift from Trog
 51067 | Vaults:5 | Got a pitted war axe
 51068 | Vaults:5 | Identified the cursed +0 war axe of the Tomato {chop, rC+ MR- Dex+2} (You found it on level 5 of the Vaults)
 51378 | Vaults:5 | Received a gift from Trog
 51443 | Vaults:5 | Got a silver rune of Zot
 52177 | Depths:1 | Entered Level 1 of the Depths
 52621 | Depths:1 | Received a gift from Trog
 52797 | Depths:1 | Got a steaming arbalest
 52798 | Depths:1 | Identified the cursed +3 arbalest "Cashecomm" {freeze, Int+4} (You found it on level 1 of the Depths)
 52808 | Depths:1 | Got a bone rapier
 52809 | Depths:1 | Identified the +1 rapier "Murmur" {pain, Stlth+} (You found it on level 1 of the Depths)
 53014 | Depths:1 | Reached skill level 15 in Throwing
 53017 | Depths:1 | Got a brightly glowing glaive
 53018 | Depths:1 | Identified the +2 glaive of the Badger {flame, rC- rN+ Dex+2 Stlth+} (You found it on level 1 of the Depths)
 53140 | Depths:1 | Found a gateway to Hell.
 54386 | Temple   | Fell from the grace of Trog
 54386 | Temple   | Became a worshipper of the Shining One
 54811 | Depths:2 | Found a gateway to a ziggurat.
 55000 | Depths:2 | Reached * piety under the Shining One
 55437 | Depths:2 | Found a one-way gate leading to the halls of Pandemonium.
 55695 | Depths:3 | Reached ** piety under the Shining One
 55975 | Depths:3 | Reached XP level 24. HP: 229/229 MP: 22/22
 56360 | Depths:3 | Paralysed by Trog for 3 turns
 56365 | Depths:3 | Reached *** piety under the Shining One
 56636 | Depths:3 | Noticed a juggernaut
 56653 | Depths:3 | Killed a juggernaut
 56794 | Depths:3 | Reached skill level 24 in Axes
 56917 | Depths:3 | Reached **** piety under the Shining One
 57180 | Depths:3 | Noticed Xtahua
 57186 | Depths:3 | Killed Xtahua
 57541 | Depths:4 | Found a one-way gate to the infinite horrors of the Abyss.
 58074 | Depths:4 | Got a faintly humming cloak
 58085 | Depths:4 | Identified the +1 cloak "Suikeug" {+Fly rPois rF- rN++} (You acquired it on level 4 of the Depths)
 58108 | Depths:4 | Got a smelly chain mail
 58119 | Depths:4 | Identified the +8 chain mail "Gokothri" {Str+5 Int+6 Stlth-} (You acquired it on level 4 of the Depths)
 58392 | Depths:4 | Reached ***** piety under the Shining One
 58823 | Depths:5 | Entered Level 5 of the Depths
 58823 | Depths:5 | Found Gyliojutz's Antique Armour Shop.
 59182 | Depths:5 | Reached skill level 1 in Invocations
 59572 | Depths:5 | Reached XP level 25. HP: 214/240 MP: 24/24
 59920 | Depths:5 | Found a gate to the Realm of Zot.
 60455 | Zot:1    | Entered Level 1 of the Realm of Zot
 60470 | Zot:1    | Reached skill level 5 in Invocations
 60742 | Zot:1    | Got a slimy ivory ring
 60744 | Zot:1    | Identified the ring of Tyts {Fire MR+} (You found it on level 1 of the Realm of Zot)
 61869 | Orc:2    | Bought a potion of berserk rage for 60 gold pieces
 61869 | Orc:2    | Bought a potion of cure mutation for 300 gold pieces
 61869 | Orc:2    | Bought a potion of resistance for 120 gold pieces
 61870 | Orc:2    | Bought a potion of berserk rage for 70 gold pieces
 64307 | Zot:1    | Reached ****** piety under the Shining One
 64879 | Zot:1    | Paralysed by Trog for 7 turns
 65606 | Zot:1    | Gained mutation: You regenerate slowly when monsters are visible. [mutagenic glow]
 65715 | Zot:2    | Was forgiven by Trog
 65875 | Zot:2    | Noticed an orb of fire
 65884 | Zot:2    | Gained mutation: You are clumsy. (Dex -2) [an orb of fire]
 65894 | Zot:2    | Killed an orb of fire
 65894 | Zot:2    | Reached XP level 26. HP: 77/248 MP: 28/28
 66691 | Zot:2    | Reached skill level 25 in Axes
 67792 | Zot:3    | Reached skill level 10 in Invocations
 69007 | Zot:5    | Entered Level 5 of the Realm of Zot
 69709 | Slime:1  | Entered Level 1 of the Pits of Slime
 70051 | Slime:1  | Gained mutation: You tend to lose your temper in combat. [a shining eye]
 70193 | Slime:2  | Gained mutation: You are dopey. (Int -2) [a shining eye]
 70827 | Slime:3  | Found a viscous altar of Jiyva.
 71094 | Slime:4  | Reached XP level 27. HP: 215/258 MP: 30/30
 71395 | Slime:4  | Noticed Dissolution
 71405 | Slime:4  | Gained mutation: You often lose your temper in combat. [a shining eye]
 71414 | Slime:4  | Killed Dissolution
 72084 | Slime:5  | Gained mutation: You are very clumsy. (Dex -4) [a shining eye]
 72126 | Slime:5  | Lost mutation: You are dopey. (Int -2) [potion of cure mutation]
 72126 | Slime:5  | Lost mutation: You regenerate slowly when monsters are visible. [potion of cure mutation]
 72126 | Slime:5  | Lost mutation: You are very clumsy. (Dex -4) [potion of cure mutation]
 72126 | Slime:5  | Lost mutation: You are resistant to electric shocks. [potion of cure mutation]
 72126 | Slime:5  | Lost mutation: You often lose your temper in combat. [potion of cure mutation]
 72126 | Slime:5  | Lost mutation: You are clumsy. (Dex -2) [potion of cure mutation]
 72127 | Slime:5  | Lost mutation: You tend to lose your temper in combat. [potion of cure mutation]
 72128 | Slime:5  | Gained mutation: You have a pair of large horns on your head. [potion of beneficial mutation]
 72133 | Slime:5  | Lost mutation: You have a pair of large horns on your head. [potion of cure mutation]
 72375 | Slime:6  | Entered Level 6 of the Pits of Slime
 72516 | Slime:6  | Noticed the Royal Jelly
 72573 | Slime:6  | Killed the Royal Jelly
 72907 | Slime:6  | Got a slimy rune of Zot
 72934 | Slime:6  | Identified the Almanac of the Voyage and the Volcanoes
 72992 | Slime:6  | Got an ancient chain mail
 73012 | Slime:6  | Got a twisted trident
 73013 | Slime:6  | Identified the +7 trident of Lies {pierce, MR+++ MP+9 Str-4 Dex-2} (You found it on level 6 of the Pits of Slime)
 73040 | Slime:6  | Identified the Reference Book on Feathery Earth
 73049 | Slime:6  | Got an encrusted great mace
 73060 | Slime:6  | Identified the cursed +0 chain mail of Apathy {-Cast rF+ rCorr} (You found it on level 6 of the Pits of Slime)
 73061 | Slime:6  | Identified the +8 great mace "Uzxonutef" {pain, -Tele rC+ Int+2 Dex+6} (You found it on level 6 of the Pits of Slime)
 74557 | Zot:5    | Noticed an ancient lich
 74563 | Zot:5    | Killed an ancient lich
 74607 | Zot:5    | Noticed an orb of fire
 74618 | Zot:5    | Killed an orb of fire
 74624 | Zot:5    | Noticed an orb of fire
 74631 | Zot:5    | Killed from afar by an orb of fire

Skill      XL: |  1  2  3  4  5  6  7  8  9 10 11 12 13 14 15 16 17 18 19 20 21 22 23 24 25 26 27 |
---------------+----------------------------------------------------------------------------------+-----
Fighting       | 4 5 6 7 8 9 10 11 12 14 15 16 17 18 19 20 21 22 23 24 | 24.4
Dodging        | 3 4 5 6 7 8 9 10 11 12 13 14 15 16 17 18 19 20 21 22 | 22.4
Armour         | 3 4 5 6 7 8 10 11 12 13 14 15 16 17 18 19 20 21 22 23 24 | 24.2
Polearms       | 4 5 6 8 10 11 13 14 15 | 15.5
Throwing       | 2 3 4 5 7 8 9 10 11 12 13 14 15 16 17 18 | 18.5
Axes           | 6 10 13 15 17 18 20 21 22 23 24 25 | 25.9
Invocations    | 2 8 11 13 | 13.9

Action                   |  1- 3 |  4- 6 |  7- 9 | 10-12 | 13-15 | 16-18 | 19-21 | 22-24 | 25-27 || total
-------------------------+-------+-------+-------+-------+-------+-------+-------+-------+-------++-------
Melee: Spear             |    92 |   199 |   309 |       |       |       |       |       |       ||   600
       Headbutt          |    11 |    32 |    75 |   156 |   272 |   293 |   338 |   407 |   407 ||  1991
       Trident           |       |       |   168 |   689 |       |       |       |       |       ||   857
       Halberd           |       |       |       |   109 |   149 |       |       |       |       ||   258
       Battleaxe         |       |       |       |       |   789 |  1057 |  1082 |  1057 |  1065 ||  5050
Throw: Tomahawk          |       |       |     6 |   139 |   397 |   352 |    80 |   207 |    98 ||  1279
       Javelin           |       |       |     7 |    32 |     4 |   229 |   110 |   160 |   301 ||   843
Invok: Berserk           |     1 |     2 |     5 |     6 |     9 |    12 |     6 |     3 |       ||    44
       Trog's Hand       |       |       |     1 |     1 |     1 |       |     1 |     1 |       ||     5
       Burn Spellbooks   |       |       |       |     4 |     6 |     3 |     6 |     4 |       ||    23
       Brothers in Arms  |       |       |       |     1 |       |     1 |       |       |       ||     2
       Divine Shield     |       |       |       |       |       |       |       |       |     3 ||     3
 Abil: Evoke Blink       |       |       |       |       |       |     2 |       |       |       ||     2
       Evoke Flight      |       |       |       |       |       |       |       |       |     3 ||     3
       Stop Flying       |       |       |       |       |       |       |       |       |     2 ||     2
Evoke: Wand              |       |       |       |       |       |     1 |       |       |     4 ||     5
  Use: Scroll            |       |     2 |    13 |     7 |    27 |     5 |    12 |     8 |     5 ||    79
       Potion            |       |       |       |       |     1 |     1 |     3 |     2 |     5 ||    12
 Stab: Sleeping          |     1 |       |       |       |     1 |       |       |       |       ||     2
       Distracted        |       |       |     1 |     1 |       |       |       |       |       ||     2
       Petrified         |       |       |       |       |     3 |       |       |       |       ||     3
       Confused          |       |       |       |       |       |     1 |       |       |       ||     1
  Eat: Chunk             |       |     9 |    23 |    26 |    40 |    39 |    27 |    35 |    16 ||   215
       Pizza             |       |     1 |       |     2 |     1 |     3 |     3 |       |     2 ||    12
       Fruit             |       |       |       |     1 |       |       |       |       |       ||     1
       Beef jerky        |       |       |       |       |     2 |     4 |     1 |       |     5 ||    12
       Royal jelly       |       |       |       |       |     1 |     1 |       |       |    10 ||    12
       Meat ration       |       |       |       |       |       |       |     1 |       |       ||     1
Armor: Animal skin       |     2 |       |       |       |       |       |       |       |       ||     2
       Ring mail         |    12 |    79 |    33 |       |       |       |       |       |       ||   124
       Scale mail        |       |       |   125 |   147 |   200 |   419 |   110 |       |       ||  1001
       Leather armour    |       |       |     3 |       |       |       |       |       |       ||     3
       Shadow dragon arm |       |       |       |       |    16 |       |       |       |       ||    16
       Plate armour      |       |       |       |       |       |       |   115 |   314 |   265 ||   694
Dodge: Dodged            |    30 |    43 |   135 |   310 |   622 |   788 |   477 |   656 |   764 ||  3825
Block: Other             |       |       |       |       |       |       |       |       |    10 ||    10
